 Dungeon Crawl Stone Soup version 0.31-a0-232-gb1c03b2570 (webtiles) character file.

Game seed: 17613717511889447589

855552 Aspara the End of an Era (level 27, -10/249 HPs)
             Began as a Demonspawn Hunter on July 6, 2023.
             Was the Champion of Qazlal.
             Mangled by Sael Nim the pandemonium lord (53 damage)
             ... in Pandemonium on July 8, 2023.
             The game lasted 05:20:23 (76421 turns).

Aspara the End of an Era (Demonspawn Hunter)       Turns: 76421, Time: 05:20:24

Health: -10/249    AC: 40    Str: 18    XL:     27
Magic:  1/40       EV: 40    Int: 12    God:    Qazlal [******]
Gold:   8397       SH: 45    Dex: 48    Spells: 26/26 levels left

rFire   + + .        X - +1 demon blade of Xatoh {vamp, rElec rCorr Dex+5}
rCold   + + .        h - +4 tower shield "Kuhourr" {Drain rC+ rN+ rCorr}
rNeg    + + .        v - quicksilver dragon scales
rPois   +            (helmet unavailable)
rElec   +            P - scarf {repulsion}
rCorr   +            I - +3 Mad Mage's Maulers {Infuse+∞ VampMP -Cast}
SInv    .            C - +2 pair of boots {rampage}
Will    +++++        Y - amulet of the Four Winds {rN+ Will+++ Clar}
Stlth   +            A - ring of Discretion {rC+ Will+ Dex+9}
HPRegen 4.61/turn    o - ring "Syenaffeexo" {rF++ Will+ Str+6 Dex+3 Slay+2}
MPRegen 0.27/turn

%: no spellcasting, repel missiles, clarity, rampage, infuse magic (1 MP)
@: protected from physical damage, studying 3 skills
A: horns 3, slimy green scales 3, icemail 2, powered by death 3, augmentation 3,
condensation shield, agile 1, screaming 1, subdued magic 1
}: 7/15 runes: decaying, serpentine, slimy, silver, obsidian, bone, abyssal
a: Renounce Religion, Upheaval, Elemental Force, Disaster Area


You were in Pandemonium.
You worshipped Qazlal.
Qazlal was exalted by your worship.
You visited 14 branches of the dungeon, and saw 67 of its levels.
You visited Pandemonium 1 time, and saw 6 of its levels.
You visited the Abyss 1 time.

You collected 12346 gold pieces.
You spent 3949 gold pieces at shops.

Inventory:

Hand Weapons
 d - the +13 sceptre of Asmodeus
   (You took it off Asmodeus on level 7 of Gehenna)

   Fire Summon: It may summon demons of flame and damnation when striking foes.
 T - the +9 long sword "Durphav" {flame, Dex+5}
   (You took it off a deep elf annihilator on level 3 of the Elven Halls)

   Dex:       It affects your dexterity (+5).
 X - the +1 demon blade of Xatoh (weapon) {vamp, rElec rCorr Dex+5}
   (You acquired it in Pandemonium)

   Dex:       It affects your dexterity (+5).
   rElec:     It insulates you from electricity.
   rCorr:     It protects you from acid and corrosion.
Armour
 h - the +4 tower shield "Kuhourr" (worn) {Drain rC+ rN+ rCorr}
   (You took it off a daeva on level 2 of the Abyss)

   rC:        It protects you from cold.
   rN:        It protects you from negative energy.
   rCorr:     It protects you from acid and corrosion.
   Drain:     It drains your maximum health when unequipped.
 p - the +3 pair of gauntlets of War {Slay+5}
   (You acquired it on level 2 of the Depths)

   Slay:      It affects your accuracy & damage with ranged weapons and melee
   (+5).
 v - quicksilver dragon scales (worn)
 C - a +2 pair of boots of rampaging (worn)
 I - the +3 Mad Mage's Maulers (worn) {Infuse+∞ VampMP -Cast}
   (You acquired it in Pandemonium)

   Infuse+∞: It empowers its wearer's blows with all of their magic.
   VampMP:    Blows struck in melee replenish the wearer's magic.
   -Cast:     It prevents spellcasting.
 P - a scarf of repulsion (worn)
Jewellery
 a - an amulet of reflection
 l - a ring of flight
 o - the ring "Syenaffeexo" (right hand) {rF++ Will+ Str+6 Dex+3 Slay+2}
   (You found it on level 4 of the Vaults)

   [ring of strength]

   Str:       It affects your strength (+6).
   Dex:       It affects your dexterity (+3).
   Slay:      It affects your accuracy & damage with ranged weapons and melee
   (+2).
   rF:        It greatly protects you from fire.
   Will:      It increases your willpower.
 w - the ring "Iffocetis" {+Blink SInv}
   (You found it on level 3 of the Elven Halls)

   [ring of see invisible]

   SInv:      It lets you see invisible.
   +Blink:    It lets you blink.
 A - the ring of Discretion (left hand) {rC+ Will+ Dex+9}
   (You took it off a balrug in Pandemonium)

   [ring of willpower]

   Dex:       It affects your dexterity (+9).
   rC:        It protects you from cold.
   Will:      It increases your willpower.
 G - a ring of protection from cold
 Y - the amulet of the Four Winds (around neck) {rN+ Will+++ Clar}
   (You found it on level 5 of the Lair of Beasts)

   [amulet of nothing]

   rN:        It protects you from negative energy.
   Clar:      It protects you from confusion, rage, mesmerisation and fear.
   Will:      It greatly increases your willpower.
 Z - the ring of Uredek {rElec rF+ rN+ Will+ Str+3}
   (You took it off a deep elf annihilator on level 3 of the Elven Halls)

   [ring of willpower]

   Str:       It affects your strength (+3).
   rF:        It protects you from fire.
   rElec:     It insulates you from electricity.
   rN:        It protects you from negative energy.
   Will:      It increases your willpower.
Wands
 D - a wand of digging (59)
 N - a wand of roots (78)
 R - a wand of polymorph (53)
 V - a wand of light (32)
 W - a wand of paralysis (46)
Scrolls
 b - 2 scrolls of butterflies
 c - 5 scrolls of amnesia
 e - 4 scrolls of silence
 f - 3 scrolls of blinking
 g - 7 scrolls of poison
 j - 11 scrolls of enchant armour
 n - 8 scrolls of immolation
 r - 28 scrolls of teleportation
 t - 13 scrolls of enchant weapon (quivered)
 x - 10 scrolls of revelation
 E - 4 scrolls of fear
 Q - 4 scrolls of fog
 S - 8 scrolls of brand weapon
Potions
 i - 2 potions of mutation
 k - 6 potions of might
 q - 2 potions of magic
 u - 17 potions of curing
 z - 14 potions of lignification
 B - 7 potions of enlightenment
 F - 5 potions of berserk rage
 H - 9 potions of brilliance
 J - 8 potions of attraction
 K - 2 potions of invisibility
 L - 2 potions of haste
 M - a potion of resistance
 O - 3 potions of ambrosia
 U - 5 potions of cancellation
Miscellaneous
 m - the horn of Geryon (inert)
 s - a phantom mirror
 y - a lightning rod (4/4)


   Skills:
 O Level 27 Fighting
 - Level 2.5(18.2) Short Blades
 O Level 27 Long Blades
 - Level 3.7 Ranged Weapons
 * Level 19.1 Armour
 * Level 18.4 Dodging
 - Level 3.4 Stealth
 * Level 16.6 Shields
 O Level 27 Invocations
 + Level 15.0 Evocations


You had 26 spell levels left.
You didn't know any spells.
Your spell library contained the following spells:

 Spells                   Type           Power      Damage    Failure   Level
 Apportation              Tloc           0%         N/A       73%         1
 Beastly Appendage        Tmut           0%         N/A       73%         1
 Foxfire                  Conj/Fire      0%         2x1d4     73%         1
 Freeze                   Ice            0%         1d3       73%         1
 Kiss of Death            Conj/Necr      0%         2d5       73%         1
 Magic Dart               Conj           0%         1d3       73%         1
 Necrotise                Necr           0%         1d4       73%         1
 Sandblast                Erth           0%         2d4       73%         1
 Slow                     Hex            0%         N/A       73%         1
 Summon Small Mammal      Summ           0%         N/A       73%         1
 Blink                    Tloc           0%         N/A       86%         2
 Call Imp                 Summ           0%         N/A       86%         2
 Lesser Beckoning         Tloc           0%         N/A       86%         2
 Momentum Strike          Conj/Tloc      0%         3d8       86%         2
 Passwall                 Tmut/Erth      0%         N/A       86%         2
 Poisonous Vapours        Pois/Air       0%         N/A       86%         2
 Scorch                   Fire           0%         2d5       86%         2
 Searing Ray              Conj           0%         2d4       86%         2
 Sublimation of Blood     Necr           0%         N/A       86%         2
 Wereblood                Tmut           0%         N/A       86%         2
 Call Canine Familiar     Summ           0%         N/A       98%         3
 Confusing Touch          Hex            0%         N/A       98%         3
 Dazzling Flash           Conj/Hex       0%         N/A       98%         3
 Frozen Ramparts          Ice            0%         1d1       98%         3
 Gell's Gravitas          Tloc           0%         N/A       98%         3
 Hailstorm                Conj/Ice       0%         3d3       98%         3
 Inner Flame              Hex/Fire       0%         N/A       98%         3
 Mephitic Cloud           Conj/Pois/Air  0%         N/A       98%         3
 Ozocubu's Armour         Ice            0%         N/A       98%         3
 Portal Projectile        Hex/Tloc       0%         N/A       98%         3
 Spider Form              Tmut/Pois      0%         N/A       98%         3
 Stone Arrow              Conj/Erth      0%         3d7       98%         3
 Summon Guardian Golem    Hex/Summ       0%         N/A       98%         3
 Teleport Other           Tloc           0%         N/A       98%         3
 Tukima's Dance           Hex            0%         N/A       98%         3
 Vampiric Draining        Necr           0%         2d6       98%         3
 Vhi's Electric Charge    Tloc/Air       0%         N/A       98%         3
 Volatile Blastmotes      Fire/Tloc      0%         2d10      98%         3
 Anguish                  Hex/Necr       0%         N/A       100%        4
 Animate Armour           Summ/Erth      0%         N/A       100%        4
 Animate Dead             Necr           0%         N/A       100%        4
 Cause Fear               Hex            0%         N/A       100%        4
 Dispel Undead            Necr           0%         3d6       100%        4
 Flame Wave               Conj/Fire      0%         2d4       100%        4
 Iskenderun's Mystic Bla  Conj/Tloc      0%         2d3       100%        4
 Leda's Liquefaction      Hex/Erth       0%         N/A       100%        4
 Manifold Assault         Tloc           0%         N/A       100%        4
 Passage of Golubria      Tloc           0%         N/A       100%        4
 Petrify                  Tmut/Erth      0%         N/A       100%        4
 Sticky Flame             Conj/Fire      0%         2d3       100%        4
 Summon Ice Beast         Ice/Summ       0%         N/A       100%        4
 Summon Lightning Spire   Summ/Air       0%         N/A       100%        4
 Agony                    Necr           0%         N/A       100%        5
 Alistair's Intoxication  Tmut/Pois      0%         N/A       100%        5
 Arcjolt                  Conj/Air       0%         1d10      100%        5
 Blade Hands              Tmut           0%         N/A       100%        5
 Borgnjor's Vile Clutch   Necr/Erth      0%         N/A       100%        5
 Freezing Cloud           Conj/Ice/Air   0%         6-21      100%        5
 Irradiate                Conj/Tmut      0%         3d11      100%        5
 Iskenderun's Battlesphe  Conj           0%         2d6       100%        5
 Metabolic Englaciation   Hex/Ice        0%         N/A       100%        5
 Silence                  Hex/Air        0%         N/A       100%        5
 Summon Mana Viper        Hex/Summ       0%         N/A       100%        5
 Conjure Ball Lightning   Conj/Air       0%         3x3d6     100%        6
 Death Channel            Necr           0%         N/A       100%        6
 Dispersal                Tloc           0%         N/A       100%        6
 Eringya's Noxious Bog    Tmut/Pois      0%         4d6       100%        6
 Leda's Unmaking          Conj/Erth      0%         9d1       100%        6
 Plasma Beam              Fire/Air       0%         2x1d10    100%        6
 Simulacrum               Ice/Necr       0%         N/A       100%        6
 Starburst                Conj/Fire      0%         6d3       100%        6
 Statue Form              Tmut/Erth      0%         N/A       100%        6
 Summon Cactus Giant      Summ           0%         N/A       100%        6
 Dragon Form              Tmut           0%         N/A       100%        7
 Enfeeble                 Hex            0%         N/A       100%        7
 Haunt                    Necr/Summ      0%         N/A       100%        7
 Malign Gateway           Summ/Tloc      0%         N/A       100%        7
 Monstrous Menagerie      Summ           0%         N/A       100%        7
 Orb of Destruction       Conj           0%         9d5       100%        7
 Spellforged Servitor     Conj/Summ      0%         N/A       100%        7
 Summon Hydra             Summ           0%         N/A       100%        7
 Discord                  Hex            0%         N/A       100%        8
 Disjunction              Tloc           0%         N/A       100%        8
 Lehudib's Crystal Spear  Conj/Erth      0%         10d2      100%        8
 Maxwell's Capacitive Co  Air            0%         ∞         100%        8
 Chain Lightning          Conj/Air       0%         N/A       100%        9
 Death's Door             Necr           0%         N/A       100%        9
 Dragon's Call            Summ           0%         N/A       100%        9


Dungeon Overview and Level Annotations

Branches:
Dungeon (15/15)            Temple (0/1) D:6            Lair (5/5) D:11
  Swamp (4/4) Lair:2        Snake (4/4) Lair:3        Slime (5/5) Lair:5
    Orc (2/2) D:10            Elf (3/3) Orc:2        Vaults (5/5) D:14
  Crypt (2/3) Vaults:2     Depths (4/4) D:15           Hell (visited)
    Dis (3/7) Hell            Geh (7/7) Hell            Coc (0/7) Hell
    Tar (7/7) Hell            Zot (0/5) Depths:4

Altars:
Cheibriados
Gozag
Kikubaaqudgha
Makhleb
Nemelex Xobeh
Okawaru
Qazlal
Ru
Sif Muna
Trog
Vehumet
Wu Jian
Yredelemnul
Jiyva

Shops:
D:5 :   D:11 ?   Orc:2 =*(*   Elf:2 !   Snake:1 [?   Snake:4 (*   Vaults:2 =
Vaults:3 =   Vaults:4 =   Vaults:5 ?!?

Portals:
Hell: Depths:1 Depths:2 Depths:3 Depths:4
Abyss: Depths:1 Depths:2 Depths:3 Depths:4
Pandemonium: Depths:2
Ziggurat: Depths:2

Annotations:
D:10 2 transporters, exclusion: obsidian statue
Depths:1 1 runed translucent door


Innate Abilities, Weirdness & Mutations

You have a pair of large horns on your head.
You are completely covered in slimy green scales. (AC +4, rPois)
A meltable icy envelope protects you from harm. (AC +8)
You regenerate a lot of health from kills.
Your magical and physical power is greatly enhanced at high health.
A meltable shield of frost defends you. (SH +4)
You are agile. (Dex +4, Str/Int -1)
You occasionally shout uncontrollably at your foes.
Your spells are a little easier to cast, but a little less powerful.


Message History

You slice the soul eater!!
The soul eater is heavily wounded.
Something hits you!!!
* * * LOW HITPOINT WARNING * * *
You feel more protected from physical attacks.
The soul eater hits you but does no damage.
The smoke demon is engulfed in freezing vapours.
Something hits you!
* * * LOW HITPOINT WARNING * * *
The cacodemon is engulfed in a thunderstorm.
You closely miss the demonspawn blood saint.
You headbutt the demonspawn blood saint!
The demonspawn blood saint is almost dead.
Something barely misses you. You block the soul eater's attack.
Something hits you but does no damage.
You chop the demonspawn blood saint into pieces!!!
You kill the demonspawn blood saint!
Qazlal accepts your kill. You block something's attack.
The soul eater is engulfed in freezing vapours.
The soul eater completely misses you. You block the cacodemon's attack. x2
You slice the cacodemon!! You headbutt the cacodemon.
The cacodemon is severely wounded.
You block something's attack. You block the hellwing's attack. x2
The soul eater completely misses you. The cacodemon completely misses you.
The cacodemon misses you. You block something's attack.
You hit the cacodemon. You headbutt the cacodemon.
The cacodemon is severely wounded.
Something closely misses you. You block the soul eater's attack.
The smoke demon gestures at you. Something smites you!
* * * LOW HITPOINT WARNING * * *
You block the cacodemon's attack. The cacodemon misses you. Something hits you!
* * * LOW HITPOINT WARNING * * *
The soul eater is engulfed in freezing vapours.
You block the soul eater's attack.
You slash the cacodemon! You headbutt the cacodemon.
The cacodemon is severely wounded.
You block the green death's attack. Something hits you!!!
You die...

.# .......## ##.
.......# ##.. ......
#... ....# #.. X63.#
##..### ##.#33#
#.○.°.# ##.##3b##
#...@3######....2..##
#.°.2234........3...#
#..^.334.......2#4....
##....3.....##.##..###
##.........# #b.'.2
#######.#... ....###
## ##...... #......
#.......


You could see a cacodemon (berserk, fast, strong), a green death (fast, agile),
a soul eater (berserk, fast, agile), a sun demon (strong, resistant), a hellwing
(fast, strong), an ice devil (fast, agile, resistant), a sixfirhy (agile,
resistant) and 2 smoke demons.

Vanquished Creatures
  Asmodeus (Geh:7)
  the Royal Jelly (Slime:5)
  Ereshkigal (Tar:7)
  3 ancient liches
  Khufu (Crypt:2)
  2 dread liches
  Mennas (Vaults:4)
  A royal mummy (Crypt:2)
  Vashnia (Snake:4)
  4 caustic shrikes (Dis:1)
  9 golden dragons
  Saint Roka (Depths:4)
  10 profane servitors
  Geryon (Hell)
  12 bone dragons
  11 iron giants
  11 doom hounds
  23 Tzitzimimeh
  3 pandemonium lords (Pan)
  the Enchantress (Depths:4)
  11 Brimstone Fiends
  2 Ice Fiends (Pan)
  5 spectral shard shrikes
  8 hellephants
  16 tainted leviathans
  6 liches
  4 tentacled monstrosities
  4 Hell Sentinels
  Asterion (Elf:2)
  Grunn (Depths:3)
  A walking frostbound tome (Depths:2)
  20 searing wretches
  6 quicksilver dragons
  A deep elf master archer (Elf:3)
  6 titans (Vaults:5)
  34 acid blobs
  A deep elf blademaster (Elf:3)
  6 sphinxes
  11 Executioners
  18 ancient champions
  10 tentacled starspawn
  Murray (Depths:1)
  Gastronok (D:9)
  2 thorn hunters (Swamp:3)
  5 tengu reavers
  8 shadow dragons
  9 nagarajas
  A storm dragon (shapeshifter) (Elf:2)
  3 storm dragons
  9 azure jellies
  A revenant (Crypt:1)
  6 demonspawn warmongers (Pan)
  3 daevas
  14 rockslimes
  6 frost giants
  5 deep elf sorcerers
  24 fire giants
  A quicksilver elemental (Dis:3)
  A fenstrider witch (Swamp:4)
  11 iron dragons
  24 vault wardens
  35 balrugs
  3 spriggan defenders
  Louise (Depths:3)
  3 deep elf elementalists
  9 ghouls
  An orc warlord (Vaults:2)
  3 spectral caustic shrikes
  29 ironbound preservers
  A curse skull (Crypt:2)
  9 demonspawn corrupters (Pan)
  17 reapers
  A spectral juggernaut (Tar:7)
  11 war gargoyles
  2 draconian stormcallers (Depths:4)
  6 demonspawn blood saints (Pan)
  A caustic shrike skeleton (Depths:2)
  3 cacodemons (Pan)
  11 quicksilver oozes
  20 very ugly things
  4 ironbound thunderhulks
  3 formless jellyfish
  2 black draconians
  3 demonspawn black suns (Pan)
  12 stone giants
  A rockslime zombie (Crypt:2)
  A green draconian (Depths:4)
  6 deep elf demonologists
  Azrael (Snake:3)
  8 eleionomae
  7 lorocyprocas (Pan)
  6 dire elephants
  7 vampire knights
  19 putrid mouths
  A spark wasp (shapeshifter) (Vaults:5)
  A purple draconian (Abyss:2)
  A spectral titan (Tar:2)
  2 white draconians (Depths:4)
  6 bunyips
  10 deep elf annihilators
  2 spark wasps (Depths:4)
  10 blizzard demons
  11 iron golems
  A merfolk impaler (Depths:3)
  8 ettins
  A fire dragon (Depths:1)
  5 crystal guardians
  2 spectral quicksilver dragons
  13 deep elf death magi
  11 eidola
  13 green deaths
  11 deep elf high priests
  11 yaktaur captains
  An entropy weaver (shapeshifter) (Elf:2)
  A spectral iron giant (Tar:7)
  Josephine (D:11)
  14 jiangshi
  2 entropy weavers
  3 rakshasas
  A spectral shadow dragon (Tar:2)
  11 great orbs of eyes
  A spectral fenstrider witch (Tar:1)
  3 ice dragons
  14 salamander tyrants
  35 vault guards
  5 spectral spriggans
  2 catoblepae
  4 peacekeepers
  A caustic shrike simulacrum (Depths:2)
  3 hell beasts (Pan)
  A juggernaut simulacrum (Abyss:3)
  An Orb Guardian zombie (Crypt:1)
  14 ironbound frosthearts
  7 spriggan air magi
  10 anacondas
  4 ghost crabs
  6 stokers
  6 hydras
  28 dancing weapons
  A merfolk avatar (Lair:5)
  18 centaur warriors
  3 death yaks (Lair:1)
  2 death knights (Crypt:2)
  4 boulder beetles
  4 two-headed ogres
  11 deep troll earth magi
  12 deep troll shamans
  7 alligators
  13 naga warriors
  A spectral orc (Tar:1)
  61 hell hogs
  18 tengu warriors
  12 vampire magi
  22 demonic crawlers (Pan)
  12 thrashing horrors
  15 deep elf knights
  Urug (Lair:5)
  7 spectral dire elephants
  13 naga sharpshooters
  5 spectral nagas
  11 spriggan berserkers
  7 orc high priests (Orc:2)
  11 shock serpents
  30 sun demons
  30 soul eaters
  7 hell knights
  19 shadow wraiths
  A skyshark (Lair:5)
  2 spectral catoblepas
  2 crystal echidnas
  19 iron trolls
  12 wretched stars
  A titan skeleton (Hell)
  The ghost of MrAu the Nimble, a novice DsGl of Gozag (D:8)
  A sea snake (Lair:5)
  A spectral bunyip (Tar:2)
  A spatial maelstrom (Abyss:1)
  3 spriggan druids (Swamp:3)
  20 skeletal warriors
  2 goliath frogs (Swamp:4)
  5 sixfirhies
  An anaconda zombie (Hell)
  A bunyip zombie (Hell)
  2 quicksilver dragon simulacra (Depths:2)
  12 shadow demons (Pan)
  A spectral anaconda (Tar:2)
  5 spectral hydras (Swamp:4)
  74 deep trolls
  A glowing orange brain (shapeshifter) (Depths:3)
  A kraken simulacrum (Hell)
  8 flayed ghosts
  6 glowing orange brains
  A tengu zombie (Abyss:2)
  2 storm dragon skeletons
  Lodul (D:11)
  6 naga ritualists
  7 bog bodies
  A shadow dragon zombie (Depths:4)
  A steelbarb worm (shapeshifter) (D:14)
  3 swamp dragons
  2 harpies
  11 phantasmal warriors
  14 wizards
  14 deep elf archers
  4 orc knights
  36 deep elf pyromancers
  48 ugly things
  A harpy (shapeshifter) (Vaults:5)
  24 ironbound convokers
  6 lindwurms (Vaults:1)
  8 necromancers
  4 cyclopes
  2 anaconda skeletons (Hell)
  26 deep elf zephyrmancers
  2 orc sorcerers
  A sphinx zombie (Depths:2)
  6 shining eyes
  8 mana vipers
  A spectral ettin (Tar:7)
  A goliath frog skeleton (Crypt:2)
  4 manticores
  6 salamanders
  A spectral ice dragon (Tar:2)
  2 sphinx skeletons
  A stone giant skeleton (Hell)
  2 apocalypse crabs
  5 rust devils
  A spectral alligator snapping turtle (Tar:3)
  A dire elephant zombie (Hell)
  4 will-o-the-wisps
  12 guardian serpents
  4 spectral centaurs
  5 worldbinders
  Maurice (D:9)
  21 vault sentinels
  37 black mambas
  7 molten gargoyles (Geh:7)
  8 elephants
  23 smoke demons
  5 orange demons
  15 naga magi
  A titan simulacrum (Hell)
  A torpor snail (Lair:1)
  An eye of devastation (Slime:3)
  An ice statue (Depths:2)
  14 cane toads
  2 kobold demonologists
  8 unseen horrors
  A white draconian zombie (Crypt:1)
  3 rime drakes (Lair:5)
  2 efreet
  An iron troll zombie (Crypt:1)
  11 hellions
  14 komodo dragons
  7 ice devils
  3 swamp worm zombies (Swamp:4)
  22 tormentors
  A green draconian skeleton (Crypt:2)
  The ghost of ciphuk the Martial Artist, a novice OpTm (D:5)
  35 yaktaurs
  A red devil (Pan)
  6 tengu conjurers
  An anaconda simulacrum (Hell)
  5 freezing wraiths
  10 ancient zymes
  4 silent spectres
  2 spectral harpies
  2 sea snake skeletons (Hell)
  46 starcursed masses
  6 trolls
  5 hydra zombies
  2 polar bears (Lair:5)
  A queen bee (Abyss:5)
  A catoblepas skeleton (Crypt:1)
  8 meliai
  11 hornets
  5 tyrant leeches
  5 hellwings
  A wolf spider simulacrum (D:15)
  Grinder (D:3)
  A hydra skeleton (Hell)
  A wind drake (shapeshifter) (D:14)
  A spectral swamp dragon (Swamp:4)
  3 wind drakes (Lair:5)
  28 raiju
  5 alligator zombies (Swamp:4)
  A jumping spider zombie (Crypt:1)
  14 blink frogs
  2 ettin zombies
  88 slime creatures
  An alligator skeleton (Crypt:2)
  A satyr skeleton (Crypt:2)
  3 flying skulls (Crypt:1)
  11 ynoxinuls
  4 vampires
  11 spriggans
  3 air elementals
  9 wraiths
  4 wyverns
  7 fire elementals
  A hog (shapeshifter) (D:14)
  15 water elementals
  64 yaks
  11 golden eyes
  3 basilisks
  27 chaos spawn
  16 neqoxecs
  2 steam dragons
  6 spatial vortices
  10 wargs
  43 large abominations
  11 swamp worms
  19 vampire mosquitoes
  28 nagas
  Edmund (D:5)
  A harpy simulacrum (Hell)
  3 hell hounds
  7 water moccasins
  A glowing shapeshifter skeleton (Depths:4)
  18 orc warriors
  3 swamp drakes
  3 ettin simulacra (Depths:2)
  5 ice beasts
  2 black bears
  A black bear (shapeshifter) (Vaults:5)
  5 boggarts
  An elephant skeleton (Crypt:2)
  9 ogres
  Pargi (D:3)
  3 swamp dragon zombies (Swamp:4)
  4 wolves (Lair:2)
  8 centaurs
  3 phantoms
  A fire crab zombie (Crypt:1)
  4 kobold brigands
  A bullfrog (shapeshifter) (Depths:4)
  A gnoll sergeant (D:9)
  10 bullfrogs
  4 necrophages
  3 scorpions
  A yaktaur skeleton (Crypt:2)
  9 wights
  A cyclops skeleton (Crypt:1)
  A warg skeleton (Crypt:1)
  11 killer bees
  6 howler monkeys
  2 spriggan skeletons
  3 electric eels (D:10)
  2 jellies
  10 hounds
  Crazy Yiuf (D:3)
  42 orc priests
  3 iron imps
  Jessica (D:3)
  8 iguanas
  19 orc wizards
  Natasha (thrice) (D:3)
  A spectral swamp drake (Swamp:4)
  20 small abominations
  A mummy (Crypt:2)
  4 gnolls (D:9)
  A swamp drake zombie (Swamp:4)
  9 adders
  3 shadow imps (Tar:7)
  5 white imps
  3 ufetubi
  4 worms
  4 dart slugs
  97 orcs
  10 bats
  9 endoplasms
  2 giant cockroaches (D:3)
  6 hobgoblins
  7 jackals
  A jackal (shapeshifter) (Depths:2)
  25 kobolds
  3 quokkas
  8 ball pythons
  4 frilled lizards
  10 goblins
  A goblin skeleton (Crypt:2)
  3 rats
  2 creeping infernos
  26 fire vortices
  A foxfire (Abyss:5)
  8 starspawn tentacles
3106 creatures vanquished.

Vanquished Creatures (collateral kills)
  A royal mummy (Crypt:2)
  A pandemonium lord (Pan)
  A Brimstone Fiend (Geh:7)
  A titan (Vaults:5)
  An acid blob (Slime:5)
  A sphinx (Vaults:5)
  2 shadow dragons (Vaults:5)
  A tengu reaver (Vaults:5)
  2 storm dragons (Vaults:5)
  A rockslime (Slime:5)
  3 azure jellies (Slime:5)
  A fire giant (Depths:2)
  A vault warden (Vaults:5)
  A quicksilver ooze (Slime:5)
  A draconian stormcaller (Depths:4)
  A reaper (Crypt:2)
  4 bunyips (Swamp:3)
  A red draconian (Depths:4)
  A white draconian (Depths:4)
  A deep elf death mage (Crypt:2)
  3 hydras
  2 alligators (Swamp:3)
  A spriggan berserker (Swamp:3)
  A sixfirhy (Pan)
  An ironbound convoker (Vaults:5)
  An orange demon (Pan)
  A hellion (Geh:7)
  An ice devil (Pan)
  2 swamp worms (Swamp:3)
  A wolf (Lair:2)
41 creatures vanquished.

Vanquished Creatures (others)
  An Executioner (Pan)
  A tengu reaver (Vaults:5)
  A deep elf sorcerer (Elf:3)
  2 fire giants
  A vault warden (Vaults:5)
  A vampire knight (Depths:4)
  A demonspawn blood saint (Pan)
  3 deep elf knights
  A shadow wraith (Tar:7)
  A shadow demon (Pan)
  2 wizards
  3 deep elf pyromancers (Elf:2)
  A molten gargoyle (Geh:7)
  A hellion (Geh:5)
  A tengu conjurer (Depths:2)
  6 bloated husks
  A hydra zombie (Swamp:4)
  2 slime creatures
  A vampire mosquito (Swamp:4)
  A swamp drake (Swamp:1)
  An ettin simulacrum (Depths:2)
  An orc warrior (Orc:2)
  An ogre (Depths:4)
  4 phantoms (Swamp:4)
  An orc (Depths:4)
  4 creeping infernos
  10 foxfires
  2 lurking horrors
  23 starspawn tentacles
  8 tentacles (Hell)
87 creatures vanquished.

Grand Total: 3234 creatures vanquished

Notes
Turn   | Place    | Note
-------+----------+-------------------------------------------
     0 | D:1      | Aspara the Demonspawn Hunter began the quest for the Orb.
     0 | D:1      | Reached XP level 1. HP: 16/16 MP: 1/1
   114 | D:1      | Reached skill level 1 in Stealth
   191 | D:1      | Gained mutation: You are partially covered in slimy green
                  | scales. (AC +2) [demonic ancestry]
   191 | D:1      | Reached XP level 2. HP: 23/23 MP: 2/2
   675 | D:2      | Found a radiant altar of Vehumet.
   712 | D:2      | Gained mutation: You are mostly covered in slimy green
                  | scales. (AC +3) [demonic ancestry]
   712 | D:2      | Reached XP level 3. HP: 28/28 MP: 3/3
   816 | D:2      | Reached skill level 1 in Short Blades
  1017 | D:2      | Reached skill level 1 in Armour
  1063 | D:2      | Gained mutation: A meltable shield of frost defends you.
                  | (SH +4) [demonic ancestry]
  1063 | D:2      | Reached XP level 4. HP: 34/34 MP: 4/4
  1411 | D:3      | Found a burning altar of Makhleb.
  1435 | D:3      | Noticed Natasha
  1452 | D:3      | Killed Natasha
  1467 | D:3      | Gained mutation: You regenerate a little health from kills.
                  | [demonic ancestry]
  1467 | D:3      | Reached XP level 5. HP: 20/41 MP: 5/5
  1595 | D:3      | Noticed Jessica
  1601 | D:3      | Killed Jessica
  1767 | D:3      | Gained mutation: A meltable icy envelope protects you from
                  | harm. (AC +8) [demonic ancestry]
  1767 | D:3      | Reached XP level 6. HP: 48/48 MP: 6/6
  1987 | D:3      | Noticed Natasha
  2004 | D:3      | Killed Natasha
  2058 | D:3      | Identified the +2 long sword of Symmetry {venom, rC+ rN+
                  | Int-2}
  2113 | D:3      | Noticed Natasha
  2121 | D:3      | Killed Natasha
  2212 | D:3      | Noticed Pargi
  2223 | D:3      | Killed Pargi
  2224 | D:3      | Reached skill level 1 in Long Blades
  2244 | D:3      | Noticed Grinder
  2267 | D:3      | Killed Grinder
  2268 | D:3      | Gained mutation: You have a pair of small horns on your
                  | head. [demonic ancestry]
  2268 | D:3      | Reached XP level 7. HP: 51/55 MP: 7/7
  2524 | D:3      | Found a bloodstained altar of Trog.
  2579 | D:3      | Found a runed translucent door.
  2580 | D:3      | Noticed Crazy Yiuf
  2807 | D:3      | Killed Crazy Yiuf
  2879 | D:4      | Found a stormy altar of Qazlal.
  2923 | D:4      | Reached skill level 5 in Fighting
  2966 | D:4      | Became a worshipper of Qazlal Stormbringer
  3042 | D:4      | Reached skill level 1 in Invocations
  3388 | D:5      | Entered Level 5 of the Dungeon
  3434 | D:5      | Gained mutation: You have a pair of horns on your head.
                  | [demonic ancestry]
  3434 | D:5      | Reached XP level 8. HP: 62/62 MP: 9/9
  3497 | D:5      | Found Leotrax's Book Emporium.
  3546 | D:5      | Found a runed translucent gate.
  3547 | D:5      | Found a runed translucent gate.
  3547 | D:5      | Noticed ciphuk's ghost (novice OpTm)
  3548 | D:5      | Found a runed translucent gate.
  3555 | D:5      | Reached * piety under Qazlal
  3566 | D:5      | Noticed Edmund
  3578 | D:5      | Killed Edmund
  3702 | D:5      | Found a sacrificial altar of Ru.
  4256 | D:6      | Found a staircase to the Ecumenical Temple.
  4457 | D:6      | Found an ornate altar of the Wu Jian Council.
  4575 | D:6      | Reached ** piety under Qazlal
  4580 | D:6      | Reached XP level 9. HP: 69/71 MP: 12/12
  4729 | D:7      | Reached skill level 5 in Invocations
  5072 | D:7      | Reached skill level 5 in Long Blades
  5416 | D:8      | Noticed a boulder beetle
  5433 | D:8      | Killed a boulder beetle
  5483 | D:8      | Reached skill level 5 in Dodging
  5485 | D:8      | Noticed a troll
  5492 | D:8      | Killed a troll
  5492 | D:8      | Reached *** piety under Qazlal
  5493 | D:8      | Reached XP level 10. HP: 63/80 MP: 15/15
  5597 | D:8      | Found a runed translucent gate.
  5597 | D:8      | Found a runed translucent gate.
  5599 | D:8      | Found a runed translucent gate.
  5599 | D:8      | Noticed MrAu's ghost (novice DsGl)
  5967 | D:5      | Killed ciphuk's ghost
  6198 | D:9      | Reached skill level 5 in Armour
  6287 | D:9      | Noticed Gastronok
  6472 | D:9      | Reached **** piety under Qazlal
  6473 | D:9      | Gained mutation: You are completely covered in slimy green
                  | scales. (AC +4, rPois) [demonic ancestry]
  6473 | D:9      | Reached XP level 11. HP: 81/89 MP: 18/18
  6523 | D:9      | Noticed Maurice
  6543 | D:9      | Killed Maurice
  6699 | D:9      | Killed Gastronok
  6700 | D:9      | Reached skill level 10 in Invocations
  6884 | D:10     | Entered Level 10 of the Dungeon
  6886 | D:10     | Noticed a death knight
  6889 | D:10     | Noticed a deep elf knight
  6895 | D:10     | Noticed a centaur warrior
  6897 | D:10     | Noticed an obsidian statue
  6898 | D:10     | Found a transporter.
  6900 | D:10     | Found a transporter.
  7003 | D:10     | Found a snail-covered altar of Cheibriados.
  7204 | D:10     | Reached skill level 10 in Fighting
  7352 | D:10     | Found a staircase to the Orcish Mines.
  7615 | D:11     | Found Omawket's Magic Scroll Emporium.
  7623 | D:11     | Bought a scroll of enchant armour for 75 gold pieces
  7623 | D:11     | Bought a scroll of identify for 20 gold pieces
  7623 | D:11     | Bought a scroll of amnesia for 40 gold pieces
  7623 | D:11     | Bought a scroll of identify for 20 gold pieces
  7623 | D:11     | Bought a scroll of fog for 40 gold pieces
  7661 | D:11     | Found the +7 staff of the Meek {protect, meekguard}
  7710 | D:11     | Noticed a white ugly thing
  7721 | D:11     | Killed a white ugly thing
  7742 | D:11     | Noticed Josephine
  7770 | D:11     | Gained mutation: You have a pair of large horns on your
                  | head. [demonic ancestry]
  7770 | D:11     | Reached XP level 12. HP: 92/98 MP: 20/20
  7803 | D:11     | Killed Josephine
  7837 | D:11     | Noticed Lodul
  7870 | D:11     | Killed Lodul
  7918 | D:11     | Noticed a boulder beetle
  7925 | D:11     | Killed a boulder beetle
  7925 | D:11     | Noticed a two-headed ogre
  7935 | D:11     | Reached ***** piety under Qazlal
  7958 | D:11     | Killed a two-headed ogre
  8132 | D:11     | Found a staircase to the Lair.
  8228 | D:12     | Noticed a two-headed ogre
  8236 | D:12     | Killed a two-headed ogre
  9400 | Lair:1   | Entered Level 1 of the Lair of Beasts
  9446 | Lair:1   | Noticed a boulder beetle
  9458 | Lair:1   | Killed a boulder beetle
  9589 | Lair:1   | Noticed a death yak
  9607 | Lair:1   | Killed a death yak
  9608 | Lair:1   | Reached XP level 13. HP: 83/106 MP: 22/22
  9658 | Lair:1   | Reached skill level 10 in Long Blades
 10421 | Lair:2   | HP: 5/108 [12-headed hydra (11)]
 10940 | Lair:2   | Found a staircase to the Swamp.
 11507 | Lair:3   | Found a staircase to the Snake Pit.
 11531 | Lair:3   | Identified the +0 ring mail of Kikubaaqudgha's Grace {rElec
                  | Str+4}
 12547 | Lair:4   | Reached XP level 14. HP: 101/116 MP: 25/25
 12561 | Lair:4   | Identified the +4 ring mail of Exclusion {rC- rCorr Stlth+}
 12930 | Lair:4   | Identified the +3 leather armour "Sask" {Int-2 SInv Stlth+}
 13081 | Lair:5   | Entered Level 5 of the Lair of Beasts
 13110 | Lair:5   | Reached skill level 15 in Invocations
 13178 | Lair:5   | Noticed Urug
 13191 | Lair:5   | Killed Urug
 13338 | Lair:5   | Reached ****** piety under Qazlal
 13447 | Lair:5   | Found a viscous altar of Jiyva.
 13483 | Lair:5   | Found the amulet of the Four Winds {rN+ Will+++ Clar}
 13668 | Lair:5   | Found a staircase to the Slime Pits.
 14279 | Orc:1    | Entered Level 1 of the Orcish Mines
 14435 | Orc:2    | Entered Level 2 of the Orcish Mines
 14995 | Orc:2    | Found Tead's Jewellery Boutique.
 14995 | Orc:2    | Found Ikaqif's General Store.
 15106 | Orc:2    | Found Xyuwk's Antique Weapon Boutique.
 15106 | Orc:2    | Found Onlorcha's Assorted Antiques.
 15121 | Orc:2    | Bought a potion of heal wounds for 165 gold pieces
 15189 | Orc:2    | Found a staircase to the Elven Halls.
 15778 | Swamp:1  | Entered Level 1 of the Swamp
 15803 | Swamp:1  | HP: 4/119 [spriggan rider/+0 falchion (9)]
 15948 | Snake:1  | Entered Level 1 of the Snake Pit
 16055 | Snake:1  | Gained mutation: You regenerate health from kills. [demonic
                  | ancestry]
 16055 | Snake:1  | Reached XP level 15. HP: 109/125 MP: 20/27
 16745 | Snake:1  | Reached skill level 1 in Shields
 17087 | Snake:1  | Found Waury's Armour Emporium.
 17089 | Snake:1  | Found Sativvugg's Magic Scroll Shoppe.
 17100 | Snake:1  | Bought a scroll of identify for 40 gold pieces
 17100 | Snake:1  | Bought a scroll of immolation for 80 gold pieces
 17100 | Snake:1  | Bought a scroll of acquirement for 1040 gold pieces
 17100 | Snake:1  | Bought a scroll of identify for 40 gold pieces
 17100 | Snake:1  | Acquired a manual of Dodging
 17106 | Snake:1  | Bought a scroll of identify for 40 gold pieces
 17106 | Snake:1  | Bought a scroll of identify for 40 gold pieces
 17975 | Snake:3  | Noticed Azrael
 17986 | Snake:3  | Noticed a nagaraja
 17991 | Snake:3  | Killed Azrael
 17992 | Snake:3  | Reached skill level 10 in Dodging
 18411 | Snake:3  | Killed a nagaraja
 19107 | Snake:4  | Entered Level 4 of the Snake Pit
 19137 | Snake:4  | Noticed a nagaraja
 19156 | Snake:4  | Killed a nagaraja
 19294 | Snake:4  | Reached XP level 16. HP: 130/134 MP: 28/28
 19343 | Snake:4  | Noticed Vashnia
 19484 | Snake:4  | Killed Vashnia
 19485 | Snake:4  | Reached skill level 15 in Fighting
 19526 | Snake:4  | Reached skill level 10 in Armour
 19868 | Snake:4  | Found Zuna's Weapon Emporium.
 20263 | Snake:4  | Noticed a quicksilver dragon
 20264 | Snake:4  | Noticed a quicksilver dragon
 20283 | Snake:4  | Killed a quicksilver dragon
 20406 | Snake:4  | Killed a quicksilver dragon
 20472 | Snake:4  | Found Nioloceum's General Store.
 20481 | Snake:4  | Bought a scroll of fear for 52 gold pieces
 20592 | Snake:4  | Got a serpentine rune of Zot
 21166 | Swamp:1  | Identified the ring "Valu" {Wiz *Slow rPois Dex+3}
 21697 | Swamp:2  | Identified the +9 flail of the Five Seas {freeze, *Slow Fly
                  | rElec Dex+4}
 22550 | Swamp:3  | Gained mutation: A meltable icy envelope protects you from
                  | harm. (AC +8) [demonic ancestry]
 22550 | Swamp:3  | Reached XP level 17. HP: 121/143 MP: 30/30
 22601 | Swamp:3  | Noticed a tentacled monstrosity
 22612 | Swamp:3  | Killed a tentacled monstrosity
 23134 | Swamp:4  | Entered Level 4 of the Swamp
 23353 | Swamp:4  | Reached skill level 5 in Shields
 24147 | Swamp:4  | Noticed a bone dragon
 24170 | Swamp:4  | Killed a bone dragon
 24291 | Swamp:4  | Got a decaying rune of Zot
 24663 | Elf:1    | Entered Level 1 of the Elven Halls
 24945 | Elf:1    | Found a radiant altar of Vehumet.
 26075 | Elf:2    | Gained mutation: Your magical and physical power is
                  | slightly enhanced at high health. [demonic ancestry]
 26075 | Elf:2    | Reached XP level 18. HP: 153/153 MP: 31/31
 26156 | Elf:2    | Noticed an Ice Fiend
 26241 | Elf:2    | Found Tipnud's Distillery.
 26254 | Elf:2    | Bought a potion of mutation for 144 gold pieces
 26254 | Elf:2    | Bought a potion of lignification for 54 gold pieces
 26254 | Elf:2    | Bought a potion of curing for 54 gold pieces
 26254 | Elf:2    | Bought a potion of mutation for 144 gold pieces
 26254 | Elf:2    | Bought a potion of lignification for 54 gold pieces
 26254 | Elf:2    | Gained mutation: Your system is resistant to poisons.
                  | (rPois) [potion of mutation]
 26254 | Elf:2    | Gained mutation: You are agile. (Dex +4, Str/Int -1)
                  | [potion of mutation]
 26254 | Elf:2    | Gained mutation: Your flesh is cold resistant. (rC+)
                  | [potion of mutation]
 26322 | Elf:2    | Identified the scarf "Otoshi" {harm, rC- Int+3 Dex+6}
 26334 | Elf:2    | Reached skill level 15 in Long Blades
 26392 | Elf:2    | Paralysed by an air elemental for 1 turns
 26484 | Elf:2    | Found a runed translucent gate.
 26487 | Elf:2    | Found a runed translucent gate.
 26487 | Elf:2    | Found a runed translucent gate.
 26641 | Elf:3    | Entered Level 3 of the Elven Halls
 27151 | Elf:3    | Reached skill level 15 in Dodging
 27165 | Elf:3    | Noticed a Hell Sentinel
 27174 | Elf:3    | Identified the ring of Uredek {rElec rF+ rN+ Will+ Str+3}
 27193 | Elf:3    | Identified the ring "Tuichan" {rC+ rN+ Slay-4 Stlth+}
 27235 | Elf:3    | Identified the +9 long sword "Durphav" {flame, Dex+5}
 27235 | Elf:3    | Identified the +1 leather armour of Ceitz {rF+++ Will-
                  | Str+3 Dex-4}
 27286 | Elf:3    | Identified the ring "Vuzekh" {rPois rF+ rN+}
 27288 | Elf:3    | Identified the +0 chain mail of Crawling {rCorr}
 27307 | Elf:3    | Identified the ring "Uleck" {rCorr Dex+3}
 27519 | Elf:3    | Got Ychiowex's Disquisition on Airy Phantasms
 27535 | Elf:3    | Identified the ring "Iffocetis" {+Blink SInv}
 27538 | Elf:3    | Identified the staff "Fusk" {rElec Dex+3 Air}
 28341 | D:8      | Killed MrAu's ghost
 28690 | Elf:2    | Noticed Asterion
 28718 | Elf:2    | Gained mutation: Your skin changes colour to match your
                  | surroundings (Stealth+). [a cacodemon]
 28720 | Elf:2    | Killed Asterion
 28737 | Elf:2    | Gained mutation: Your magical and physical power is
                  | enhanced at high health. [demonic ancestry]
 28737 | Elf:2    | Reached XP level 19. HP: 161/161 MP: 33/33
 30165 | D:14     | Found an iron altar of Okawaru.
 30515 | D:14     | Found a gate to the Vaults.
 30650 | Vaults:1 | Entered Level 1 of the Vaults
 31096 | Vaults:1 | Identified the ring "Ymadyrr" {*Corrode rPois rN+ Int+3}
 31158 | Vaults:1 | Identified the ring "Dimetouf" {Wiz rC++ MP+9 Str+3 Dex+2}
 31166 | Vaults:1 | Identified the +0 ring mail "Reiloat" {Str-5 Int+5}
 31491 | Vaults:1 | Identified the scarf of Tartarus {+Inv, rF+}
 32006 | Vaults:2 | Reached XP level 20. HP: 160/170 MP: 34/34
 32387 | Vaults:2 | Found Cele's Jewellery Shoppe.
 32590 | Vaults:2 | Found a staircase to the Crypt.
 32590 | Vaults:2 | Found a basalt altar of Yredelemnul.
 32590 | Vaults:2 | Found an ancient bone altar of Kikubaaqudgha.
 33074 | Vaults:3 | Found Aptysub's Jewellery Boutique.
 34267 | Vaults:4 | Noticed Mennas
 34378 | Vaults:4 | Killed Mennas
 34379 | Vaults:4 | Reached XP level 21. HP: 127/180 MP: 36/36
 34654 | Vaults:4 | Identified the +4 shortbow "Kuohewk" {heavy, rC++ Int+3}
 34997 | Vaults:4 | Found Biut's Jewellery Shop.
 35379 | Vaults:4 | Identified the ring "Syenaffeexo" {rF++ Will+ Str+6 Dex+3
                  | Slay+2}
 35642 | Vaults:5 | Entered Level 5 of the Vaults
 35647 | Vaults:5 | Noticed a dread lich
 35655 | Vaults:5 | Noticed a golden dragon
 35677 | Vaults:5 | Killed a golden dragon
 36120 | Vaults:5 | Noticed a golden dragon
 36120 | Vaults:5 | Found Ykeoblij's Distillery.
 36135 | Vaults:5 | Noticed a golden dragon
 36212 | Vaults:5 | Noticed a golden dragon
 36220 | Vaults:5 | Identified the +10 dagger of the Hugging Spider {heavy,
                  | MP+9}
 36222 | Vaults:5 | Killed a golden dragon
 36233 | Vaults:5 | Identified the ring "Xiasaamn" {Str+6 Int+3}
 36253 | Vaults:5 | Reached XP level 22. HP: 171/190 MP: 25/38
 36263 | Vaults:5 | Identified the +2 orcbow of the Ancients {elec, rN+ Str+2
                  | Dex+3 Stlth+}
 36340 | Vaults:5 | Identified the +7 hand axe of the Morning {elec, Dex+2}
 36342 | Vaults:5 | Noticed a golden dragon
 36353 | Vaults:5 | Killed a golden dragon
 36995 | Vaults:5 | Reached skill level 10 in Shields
 37091 | Vaults:5 | Killed a dread lich
 37254 | Vaults:5 | Killed a golden dragon
 37653 | Vaults:5 | Noticed an ancient lich
 37663 | Vaults:5 | Killed an ancient lich
 37726 | Vaults:5 | Reached XP level 23. HP: 198/198 MP: 39/39
 37743 | Vaults:5 | Bought 2 potions of ambrosia for 288 gold pieces
 37743 | Vaults:5 | Bought a potion of curing for 54 gold pieces
 37743 | Vaults:5 | Bought 2 potions of curing for 108 gold pieces
 37743 | Vaults:5 | Bought 2 potions of mutation for 288 gold pieces
 37743 | Vaults:5 | Bought 2 potions of resistance for 360 gold pieces
 37758 | Vaults:5 | Found Arphops's Magic Scroll Shoppe.
 37763 | Vaults:5 | Bought a scroll of teleportation for 54 gold pieces
 37763 | Vaults:5 | Bought a scroll of enchant armour for 135 gold pieces
 37763 | Vaults:5 | Bought a scroll of butterflies for 72 gold pieces
 37763 | Vaults:5 | Bought a scroll of blinking for 135 gold pieces
 37763 | Vaults:5 | Bought a scroll of blinking for 135 gold pieces
 37785 | Vaults:5 | Found Laoggepn's Magic Scroll Shop.
 37790 | Vaults:5 | Bought a scroll of enchant weapon for 127 gold pieces
 37790 | Vaults:5 | Bought a scroll of teleportation for 51 gold pieces
 37836 | Vaults:5 | Got a silver rune of Zot
 38261 | Crypt:1  | Entered Level 1 of the Crypt
 38380 | Crypt:1  | Found a transporter.
 38384 | Crypt:1  | Found a shimmering blue altar of Sif Muna.
 38615 | Crypt:1  | Noticed an ancient lich
 38693 | Crypt:1  | Killed an ancient lich
 38756 | Crypt:1  | Found a transporter.
 39242 | Crypt:2  | Found an ancient bone altar of Kikubaaqudgha.
 39646 | Crypt:2  | Noticed Khufu
 39652 | Crypt:2  | Noticed a royal mummy
 39673 | Crypt:2  | Gained mutation: Your magical and physical power is greatly
                  | enhanced at high health. [demonic ancestry]
 39673 | Crypt:2  | Reached XP level 24. HP: 125/208 MP: 31/39
 39677 | Crypt:2  | Killed a royal mummy
 39689 | Crypt:2  | Killed Khufu
 39697 | Crypt:2  | Noticed a royal mummy
 39721 | Crypt:2  | Killed a royal mummy
 40530 | Crypt:2  | Identified the +1 battleaxe "Tukhlubu" {flame, rC+ Int+3}
 41284 | Slime:1  | Entered Level 1 of the Pits of Slime
 41840 | Slime:2  | Gained mutation: You are very agile. (Dex +8, Str/Int -2)
                  | [a shining eye]
 42070 | Slime:4  | Gained mutation: You sometimes lose your temper in combat.
                  | [a shining eye]
 42272 | Slime:5  | Entered Level 5 of the Pits of Slime
 42354 | Slime:5  | Noticed the Royal Jelly
 42392 | Slime:5  | Found a viscous altar of Jiyva.
 42465 | Slime:4  | Gained mutation: You have hidden genetic defects. [a
                  | shining eye]
 42824 | Slime:5  | Killed the Royal Jelly
 43245 | Slime:5  | Identified the +5 spear of Egomania {freeze, rC- Str+6
                  | Stlth+}
 43255 | Slime:5  | Identified the +3 sling "Killer Klown's Bane" {heavy, rN+
                  | Str+3 Dex-4}
 43262 | Slime:5  | Identified the staff of Crusades {rC+ rCorr Str+6 Int-2
                  | Summ Ice}
 43275 | Slime:5  | Got Yceax's Grimoire of Blows
 43312 | Slime:5  | Got the Meditations on Phlogiston
 43323 | Slime:5  | Identified the +1 spear "Grom" {antimagic, rF- rN+ Str+2
                  | Dex+4}
 43326 | Slime:5  | Got a slimy rune of Zot
 43330 | Slime:5  | Identified the +2 great sword of Ravage {antimagic, rF+}
 43332 | Slime:5  | Identified the +1 short sword of Floods {vamp, Str+3 Int-3
                  | Dex+2}
 43355 | Slime:5  | Got the Codex of Panentheism
 43366 | Slime:5  | Identified the +4 sling "Binylux" {heavy, rCorr Int+3}
 43367 | Slime:5  | Identified the +7 flail "Rouxtu" {venom, rPois Str+3}
 44503 | Slime:2  | Gained mutation: You occasionally lose the ability to read
                  | scrolls when taking damage. [a shining eye]
 44524 | Slime:2  | Gained mutation: Your body sometimes deteriorates upon
                  | taking damage. [hidden defects]
 44860 | D:15     | Entered Level 15 of the Dungeon
 44981 | D:15     | Lost mutation: Your skin changes colour to match your
                  | surroundings (Stealth+). [potion of mutation]
 44981 | D:15     | Lost mutation: Your system is resistant to poisons. (rPois)
                  | [potion of mutation]
 44981 | D:15     | Lost mutation: You are very agile. (Dex +8, Str/Int -2)
                  | [potion of mutation]
 44981 | D:15     | Gained mutation: You do not regenerate when monsters are
                  | visible. [potion of mutation]
 44981 | D:15     | Gained mutation: You occasionally lose the ability to drink
                  | potions when taking damage. [potion of mutation]
 44981 | D:15     | Lost mutation: You are agile. (Dex +4, Str/Int -1) [potion
                  | of mutation]
 44982 | D:15     | Lost mutation: You occasionally lose the ability to drink
                  | potions when taking damage. [potion of mutation]
 44982 | D:15     | Lost mutation: You sometimes lose your temper in combat.
                  | [potion of mutation]
 44982 | D:15     | Lost mutation: You do not regenerate when monsters are
                  | visible. [potion of mutation]
 44982 | D:15     | Gained mutation: Your movements are slightly less
                  | encumbered by armour. (ER -2) [potion of mutation]
 44983 | D:15     | Lost mutation: Your body sometimes deteriorates upon taking
                  | damage. [potion of mutation]
 44983 | D:15     | Lost mutation: Your flesh is cold resistant. (rC+) [potion
                  | of mutation]
 44983 | D:15     | Lost mutation: You have hidden genetic defects. [potion of
                  | mutation]
 44983 | D:15     | Gained mutation: Armour fits poorly on your strangely
                  | shaped body. [potion of mutation]
 44983 | D:15     | Gained mutation: You expend magic power (3 MP) to
                  | strengthen your wands. [potion of mutation]
 44983 | D:15     | Gained mutation: Your mind is acute. (Int +4, Str/Dex -1)
                  | [potion of mutation]
 44984 | D:15     | Lost mutation: Armour fits poorly on your strangely shaped
                  | body. [potion of mutation]
 44984 | D:15     | Lost mutation: Your mind is acute. (Int +4, Str/Dex -1)
                  | [potion of mutation]
 44984 | D:15     | Lost mutation: You occasionally lose the ability to read
                  | scrolls when taking damage. [potion of mutation]
 44984 | D:15     | Gained mutation: You sometimes lose your temper in combat.
                  | [potion of mutation]
 44984 | D:15     | Gained mutation: Your magical capacity is low. (-10% MP)
                  | [potion of mutation]
 44985 | D:15     | Lost mutation: You sometimes lose your temper in combat.
                  | [potion of mutation]
 44985 | D:15     | Lost mutation: Your movements are slightly less encumbered
                  | by armour. (ER -2) [potion of mutation]
 44985 | D:15     | Lost mutation: Your magical capacity is low. (-10% MP)
                  | [potion of mutation]
 44985 | D:15     | Gained mutation: You are vulnerable to cold. (rC-) [potion
                  | of mutation]
 44986 | D:15     | Lost mutation: You are vulnerable to cold. (rC-) [potion of
                  | mutation]
 44986 | D:15     | Lost mutation: You expend magic power (3 MP) to strengthen
                  | your wands. [potion of mutation]
 44986 | D:15     | Gained mutation: Your spells are a little easier to cast,
                  | but a little less powerful. [potion of mutation]
 44986 | D:15     | Gained mutation: You are agile. (Dex +4, Str/Int -1)
                  | [potion of mutation]
 45052 | D:15     | Found a staircase to the Depths.
 45572 | Depths:1 | Entered Level 1 of the Depths
 45590 | Depths:1 | Reached skill level 27 in Invocations
 45591 | Depths:1 | Reached skill level 15 in Armour
 45596 | Depths:1 | Reached XP level 25. HP: 217/217 MP: 40/40
 45657 | Depths:1 | Found an opulent altar of Gozag.
 45682 | Depths:1 | Identified the ring "Tiluopp" {EV+5 Int+4}
 45801 | Depths:1 | Found a gateway to Hell.
 45814 | Depths:1 | Found a sparkling altar of Nemelex Xobeh.
 45862 | Depths:1 | Found a one-way gate to the infinite horrors of the Abyss.
 45946 | Depths:1 | Found a runed translucent door.
 46609 | Depths:2 | You fall into a shaft and drop 1 floor!
 46751 | Depths:2 | Identified the +7 morningstar "Gagas" {flame, MP+9}
 46775 | Depths:2 | Found a snail-covered altar of Cheibriados.
 46929 | Depths:2 | Identified the +10 dagger "Ileih" {drain, rF+ Will+ Int+2}
 46979 | Depths:2 | Found a burning altar of Makhleb.
 46980 | Depths:2 | Found a one-way gate leading to the halls of Pandemonium.
 47006 | Depths:2 | Acquired the +3 pair of gauntlets of War {Slay+5}
 47006 | Depths:2 | Found the +3 pair of gauntlets of War {Slay+5}
 47131 | Depths:2 | Found a one-way gateway to a ziggurat.
 47306 | Depths:2 | Found a basalt altar of Yredelemnul.
 47445 | Depths:2 | Identified the +2 great sword of Wounding {holy, MP+9
                  | Str+2}
 48037 | Depths:3 | Noticed Louise
 48079 | Depths:3 | Killed Louise
 48485 | Depths:4 | Entered Level 4 of the Depths
 48487 | Depths:4 | Noticed Grunn
 48541 | Depths:4 | Noticed the Enchantress
 48548 | Depths:3 | Killed Grunn
 48575 | Depths:4 | Killed the Enchantress
 48636 | Depths:4 | Noticed Saint Roka
 48644 | Depths:4 | Killed Saint Roka
 48659 | Depths:4 | Gained mutation: You regenerate a lot of health from kills.
                  | [demonic ancestry]
 48659 | Depths:4 | Reached XP level 26. HP: 229/229 MP: 40/40
 48895 | Depths:4 | Found a gate to the Realm of Zot.
 48950 | Depths:4 | Noticed an ancient lich
 49390 | Depths:4 | Killed an ancient lich
 49430 | Depths:4 | Got Khufu's Reference Book on the Undead
 49582 | Hell     | Entered the Vestibule of Hell
 49582 | Hell     | Noticed Geryon
 49592 | Hell     | Noticed Murray
 49619 | Depths:1 | Killed Murray
 49668 | Depths:1 | Upgraded the game from 0.31-a0-227-ga22c3bf811 to
                  | 0.31-a0-232-gb1c03b2570
 50308 | Hell     | Killed Geryon
 50350 | Hell     | Found a gateway to the freezing wastes of Cocytus.
 50398 | Hell     | Found a gateway to the decaying netherworld of Tartarus.
 50491 | Hell     | Found a gateway to the ashen valley of Gehenna.
 50529 | Hell     | Found a gateway to the Iron City of Dis.
 51355 | Depths:1 | Voluntarily entered the Abyss.
 51361 | Abyss:1  | Found a corrupted altar of Lugonu.
 51549 | Abyss:1  | Found a corrupted altar of Lugonu.
 51595 | Abyss:1  | Reached skill level 1 in Evocations
 51738 | Abyss:1  | Found an iron altar of Okawaru.
 51778 | Abyss:1  | Found an iron altar of Okawaru.
 51798 | Abyss:1  | Found a basalt altar of Yredelemnul.
 51910 | Abyss:1  | Gained mutation: Your body sometimes deteriorates upon
                  | taking damage. [a neqoxec]
 51941 | Abyss:2  | Found a burning altar of Makhleb.
 52032 | Abyss:2  | Identified the +4 tower shield "Kuhourr" {Drain rC+ rN+
                  | rCorr}
 52193 | Abyss:3  | Found a corrupted altar of Lugonu.
 52396 | Abyss:3  | Found a corrupted altar of Lugonu.
 52398 | Abyss:3  | Gained mutation: You are resistant to electric shocks.
                  | (rElec) [a neqoxec]
 52417 | Abyss:3  | Reached XP level 27. HP: 182/240 MP: 32/32
 52451 | Abyss:3  | Paralysed by accursed screaming for 2 turns
 52460 | Abyss:3  | Paralysed by accursed screaming for 1 turns
 52477 | Abyss:3  | Gained mutation: You are frail. (-10% HP) [a neqoxec]
 52568 | Abyss:4  | Found a corrupted altar of Lugonu.
 52605 | Abyss:5  | Found a corrupted altar of Lugonu.
 52643 | Abyss:5  | Found a corrupted altar of Lugonu.
 52847 | Abyss:5  | Got an abyssal rune of Zot
 52863 | Depths:1 | Escaped the Abyss
 52973 | Tar:1    | Entered Level 1 of Tartarus
 53045 | Hell     | Lost mutation: You are resistant to electric shocks.
                  | (rElec) [potion of mutation]
 53045 | Hell     | Lost mutation: Your body sometimes deteriorates upon taking
                  | damage. [potion of mutation]
 53045 | Hell     | Lost mutation: You are extremely frail. (-30% HP) [potion
                  | of mutation]
 54417 | Tar:2    | Reached skill level 5 in Evocations
 56719 | Tar:4    | Noticed a dread lich
 56729 | Tar:4    | Killed a dread lich
 57541 | Tar:6    | HP: 6/198 [bone dragon (18)]
 57963 | Tar:7    | Entered Level 7 of Tartarus
 60811 | Tar:7    | Noticed Ereshkigal
 60822 | Tar:7    | Paralysed by Ereshkigal for 5 turns
 60847 | Tar:7    | Killed Ereshkigal
 61184 | Tar:7    | Got a bone rune of Zot
 61698 | Geh:1    | Entered Level 1 of Gehenna
 63056 | Geh:3    | Reached skill level 27 in Fighting
 63069 | Geh:3    | Reached skill level 10 in Evocations
 65470 | Geh:7    | Entered Level 7 of Gehenna
 66381 | Geh:7    | Identified the ring "Micruew" {rElec rC+ rN+ Dex-2}
 66468 | Geh:7    | Found the +13 sceptre of Asmodeus
 66468 | Geh:7    | Noticed Asmodeus
 66529 | Geh:7    | Killed Asmodeus
 66530 | Geh:7    | Reached skill level 27 in Long Blades
 66868 | Geh:7    | Identified the staff of the Solstice {Fly rElec rN+ Will+
                  | Int+3 Air}
 67056 | Geh:7    | Got an obsidian rune of Zot
 67058 | Geh:7    | Got the Grimoire of Quantum Rime
 67814 | Dis:1    | Entered Level 1 of the Iron City of Dis
 69427 | Dis:2    | You fall into a shaft and drop 1 floor!
 69482 | Dis:3    | HP: 10/225 [iron golem (25)]
 70592 | Pan      | Entered Pandemonium
 70607 | Pan      | Noticed Jipe the pandemonium lord
 70608 | Pan      | Reached skill level 15 in Shields
 70612 | Pan      | Killed Jipe the pandemonium lord
 71546 | Pan      | Identified the ring of Discretion {rC+ Will+ Dex+9}
 71579 | Pan      | Found a transporter.
 71622 | Pan      | Found a transporter.
 71850 | Pan      | Gained mutation: You occasionally shout uncontrollably at
                  | your foes. [a cacodemon]
 71921 | Pan      | Identified the -1 hat of Quick Mirth {Will++ Str-5 SInv}
 72499 | Pan      | Noticed Ruot the pandemonium lord
 72526 | Pan      | Killed Ruot the pandemonium lord
 72999 | Pan      | Found a runed translucent door.
 73000 | Pan      | Found a runed translucent door.
 73007 | Pan      | Found a runed translucent door.
 73007 | Pan      | Found a runed translucent door.
 73011 | Pan      | Noticed Ytseigo the pandemonium lord
 73020 | Pan      | Killed Ytseigo the pandemonium lord
 73712 | Pan      | Acquired the +1 demon blade of Xatoh {vamp, rElec rCorr
                  | Dex+5}
 73719 | Pan      | Acquired the +3 Mad Mage's Maulers {Infuse+∞ VampMP -Cast}
 73719 | Pan      | Found the +3 Mad Mage's Maulers {Infuse+∞ VampMP -Cast}
 73879 | Pan      | Noticed Acowuij the pandemonium lord
 73901 | Pan      | Killed Acowuij the pandemonium lord
 74000 | Pan      | Identified the +1 leather armour of Beyond {rF+ Will++}
 74473 | Pan      | Found an exit through the horrors of the Abyss.
 75902 | Pan      | Reached skill level 15 in Evocations
 76364 | Pan      | Noticed Sael Nim the pandemonium lord
 76391 | Pan      | HP: 9/249 [smoke demon/divine providence (12)]
 76421 | Pan      | Mangled by Sael Nim the pandemonium lord

Illustrated notes

Levels and vault maps discovered:
D:1:      shiori_arrival_maze, layout_basic
D:2:      layout_basic, basic_altar, minmay_close_crescents
D:3:      minmay_thinvault, layout_basic, mainiacjoe_overflow_alcove_4,
          mainiacjoe_overflow_concentric_impassable, serial_co_window_serial,
          co_window_paths_b, co_window_corner_a, co_window_paths_a,
          co_window_paths_b, co_window_cross_1, co_window_paths_b,
          co_window_of_opportunity_a, co_window_paths_b, co_window_paths_a,
          co_window_cross_3, co_window_cross_2, co_window_of_opportunity_c,
          co_window_2corner, co_window_2corner, co_window_paths_c, uniq_grinder,
          uniq_pargi, uniq_crazy_yiuf_cottage, uniq_jessica, uniq_natasha
D:4:      layout_cave_pools, mainiacjoe_overflow_brackets,
          kennysheep_minor_cross, kennysheep_generic_room_10
D:5:      layout_basic, nicolae_ru_awakened_eye, serial_shops,
          nicolae_shop_waterfront, gammafunk_ghost_split, uniq_edmund
D:6:      layout_cave_pools, nicolae_overflow_hidden_temple,
          minmay_temple_entry_offerings
D:7:      layout_loops_ring
D:8:      layout_rooms, ebering_ghost_rock_garden
D:9:      layout_irregular_city, uniq_gastronok, uniq_maurice
D:10:     gammafunk_sealed_arena, layout_rooms, nicolae_overflow_two_pavilions,
          erik_orc_1, chequers_serial_rivers_micro_b, minivault_4,
          hangedman_decor_opposing
D:11:     layout_gridville, lair_entry_dummy, nicolae_stop_n_shop_1,
          amcnicky_mini_pool_medium, uniq_lodul, uniq_josephine
D:12:     layout_stronghold
D:13:     layout_cave_pools, portal_ice_cave_demonic_guard
D:14:     layout_roguey, david_vaults_1, okawaru_trees_2,
          kennysheep_pointless_box
D:15:     grunt_enter_depths_snipers, layout_basic, minmay_misc_feat_doors,
          grunt_ministairs_8, hangedman_abyss_or_decor_passed, tso_altar
Lair:1:   layout_regular_city, guppyfry_lair_drakes, grunt_megastairs_3
Lair:2:   beast_lair_carwin_large_1, layout_chaotic_city,
          palyth_hydra_swamp_entry
Lair:3:   layout_cave_pods, minmay_snake_entry_spellcaster,
          grunt_forest_large_clearings
Lair:4:   layout_cellular_growth
Lair:5:   gammafunk_lair_ancient_temple, layout_small_grid, slime_entry_1,
          uniq_urug
Swamp:1:  layout_falls_marsh, evilmike_swamp_ruin_house_1
Swamp:2:  layout_basic_swamp, nicolae_swamp_big_swirl, swamp_pool4,
          infiniplex_staircase_pool
Swamp:3:  nzn_winding_woodlands_small
          [nzn_winding_woodlands_5x15_river_crossing,
          nzn_winding_woodlands_center_triple_pond,
          nzn_winding_woodlands_5x15_concentric], layout_basic_swamp,
          serial_swamp_ruin, evilmike_swamp_ruin_house_4,
          evilmike_swamp_ruin_house_2, evilmike_swamp_ruin_house_3
Swamp:4:  swamp_pestilence, layout_basic_swamp, swamp_pool2
Snake:1:  layout_gridlike, minmay_shoptagon
Snake:2:  layout_misc_corridors
Snake:3:  layout_basic, nicolae_large_snake_swirl, uniq_azrael
Snake:4:  hellmonk_snake_rune_quicksilver_temple, layout_cave_town,
          serial_shops, nicolae_diamond_shop, nicolae_fountain_basement,
          minmay_shop_star, uniq_vashnia
Slime:1:  layout_caves
Slime:2:  layout_caves
Slime:3:  layout_caves
Slime:4:  layout_caves, cheibrodos_slime_lost_civilization_7
Slime:5:  slime_pit_nicolae_trefoil
Orc:1:    layout_caves, basic_altar
Orc:2:    st_orc_town, layout_diamond_mine, minmay_orc_keep
Elf:1:    elf_arrival_002, layout_onion_city, basic_altar,
          minmay_elf_crystal_hexagon
Elf:2:    elven_hall_of_blades_hangedman_original
          [nicolae_blade_entry_area_security], layout_loops_cross, serial_shops,
          nicolae_shop_real_fake_doors, serial_glass, glass_columns_a,
          glass_columns_b, uniq_asterion
Elf:3:    minmay_elf_hall_spiked, layout_onion_city, mu_enter_wizlab_1,
          serial_sigils_hangedman_writhe
Vaults:1: vaults_mumra_hexcomb, v_pattern_1, nicolae_vaults_specimen_jars,
          dpeg_vaults_monster_row, nicolae_vaults_shrinking_rooms_2,
          grunt_vaults_trifunnel, nicolae_vaults_wrenched,
          nicolae_vaults_little_ls, vaults_room_grid,
          nicolae_vaults_storing_the_good_stuff,
          ontoclasm_vaults_decontamination, layout_vaults_ring
Vaults:2: hangedman_vaults_pinch, hangedman_vaults_stitches,
          nicolae_vaults_trapezoid_3, minmay_crypt_entry_necro_gods,
          ontoclasm_vaults_twist, nicolae_vaults_border_crossing,
          nicolae_vaults_door_testing_chamber, v_misc_12,
          vaults_dpeg_emergency_exit, v_pattern_5, layout_vaults_omnigrid,
          serial_shops, nicolae_shop_gaudy_bauble
Vaults:3: nicolae_vaults_bisected_exclaves, nicolae_vaults_storage_closets_2,
          nicolae_vaults_tetromino_Z_2, vaults_standard_mumra_lines,
          hangedman_vaults_nodes, ontoclasm_vaults_tryst,
          ontoclasm_vaults_bender, nicolae_vaults_rhombus_6,
          vaults_dpeg_encased_lava, v_misc_24, grunt_vaults_funnel,
          nicolae_vaults_disappearing_quadrants, layout_vaults_maze_snakey,
          serial_shops, shop
Vaults:4: nicolae_vaults_storage_room_water, ontoclasm_vaults_hangar,
          nicolae_vaults_network_star, nicolae_vaults_sealed_display,
          nicolae_vaults_tangram_2, ontoclasm_vaults_loading_screen,
          ontoclasm_vaults_shuriken, vaults_standard_mumra_enter_the_diamond,
          nicolae_vaults_closet_pinwheel_4, nicolae_vaults_shelves_hall,
          layout_vaults_big_room, serial_shops, shop, uniq_mennas
Vaults:5
Crypt:1:  gammafunk_sealed_library, layout_rooms, grunt_crypt_arrival_split
Crypt:2:  layout_regular_city, basic_altar, uniq_khufu
Depths:1: thingy_vault_2, layout_basic, hell_entry, grunt_gozag_statues,
          abyss_entry, nemelex_altar_shiori
Depths:2: grunt_profane_halls [grunt_profane_temple_dis,
          grunt_profane_temple_coc, grunt_profane_temple_geh,
          grunt_profane_temple_tar, grunt_profane_loot], pan_entry, hell_entry,
          abyss_entry
Depths:3: nicolae_moon_pools, layout_basic, serial_bayou_lagoon_a,
          nicolae_abyss_entry_one_way_or_another, hell_entry
Depths:4: grunt_zot_entry_pinwheel, layout_gridville, abyss_entry,
          grunt_hell_horde, special_room [special_room_morgue], uniq_grunn,
          uniq_saint_roka, uniq_enchantress
Hell
Dis:1:    layout_regular_city
Dis:2:    nicolae_dis_heavy_handed_symbolism
Dis:3:    layout_subdivisions
Geh:1:    layout_gehenna_pools_basic, lemuel_old_faithful
Geh:2:    layout_gehenna_lava_caves
Geh:3:    layout_gehenna_pools_triple
Geh:4:    layout_gehenna_pools_triple
Geh:5:    layout_gehenna_pools_box
Geh:6:    layout_gehenna_lava_caves
Geh:7:    geh_grunt
Tar:1:    layout_honeycomb
Tar:2:    layout_cathedral_of_symmetry, nicolae_tar_spectre_spectrum
Tar:3:    layout_catacombs, nicolae_tar_cuneiform_oil,
          nicolae_tar_cuneiform_two, nicolae_tar_cuneiform_heaven,
          nicolae_hells_seeping_fissure
Tar:4:    layout_grid_maze
Tar:5:    layout_honeycomb
Tar:6:    layout_cathedral_of_symmetry, nicolae_tar_honey_rotating
Tar:7:    tar_mu [tar_mu_maze]
Pan:      rand_demon_6, layout_gridville, gammafunk_the_bubble
          [the_bubble_gammafunk_grid], layout_rooms, rand_demon_2,
          layout_small_grid, nicolae_pan_cerebovesque_1, rand_demon_7,
          layout_basic, pan_blood_fountain, evilmike_mini_pan_branches,
          layout_grid_shapes, grunt_pan_zigzag, layout_rooms

Skill      XL: |  1  2  3  4  5  6  7  8  9 10 11 12 13 14 15 16 17 18 19 20 21 22 23 24 25 26 27 |
---------------+----------------------------------------------------------------------------------+-----
Stealth        | 1 2 3 |  3.4
Dodging        | 2 3 4 5 6 7 8 9 10 12 14 15 16 18 | 18.4
Short Blades   | 1 2 |  2.5
Armour         | 1 2 3 4 5 6 7 8 9 10 11 12 13 14 15 16 19 | 19.1
Fighting       | 3 4 5 6 7 9 10 11 12 13 14 15 16 17 18 19 20 21 22 23 24 27 | 27.0
Long Blades    | 2 4 5 7 8 9 11 12 13 14 15 16 17 18 19 21 22 23 27 | 27.0
Invocations    | 1 4 7 9 11 13 14 16 17 18 19 20 21 23 24 25 27 | 27.0
Shields        | 2 4 5 6 7 8 9 10 11 12 13 16 | 16.6
Evocations     | 3 15 | 15.0
Ranged Weapons | |  3.7

Action                     |  1- 3 |  4- 6 |  7- 9 | 10-12 | 13-15 | 16-18 | 19-21 | 22-24 | 25-27 || total
---------------------------+-------+-------+-------+-------+-------+-------+-------+-------+-------++-------
  Melee: Dagger            |    98 |    59 |       |       |       |       |       |       |       ||   157
         Punch             |     1 |     3 |     2 |     7 |    18 |       |       |       |       ||    31
         Rapier            |       |   112 |       |       |       |       |       |       |       ||   112
         Long sword        |       |    37 |   274 |   578 |  1331 |  1456 |  1111 |  1142 |  3401 ||  9330
         Headbutt          |       |       |    51 |   162 |   399 |   464 |   378 |   468 |  1455 ||  3377
         Demon blade       |       |       |       |       |       |       |       |       |   204 ||   204
   Fire: Shortbow          |    18 |       |       |       |       |       |       |       |       ||    18
 Invoke: Upheaval          |       |       |       |     5 |     1 |    10 |     2 |     4 |    11 ||    33
         Elemental Force   |       |       |       |       |     2 |     3 |     8 |     5 |     7 ||    25
         Disaster Area     |       |       |       |       |     3 |     3 |     4 |     4 |    14 ||    28
  Evoke: Wand              |       |       |       |       |       |     1 |     1 |       |       ||     2
         Phantom mirror    |       |       |       |       |       |       |     2 |       |     2 ||     4
         Lightning rod     |       |       |       |       |       |       |     4 |       |     5 ||     9
         Horn of Geryon    |       |       |       |       |       |       |       |       |     1 ||     1
    Use: Scroll            |       |       |     1 |     9 |    10 |     8 |     5 |     8 |     6 ||    47
         Potion            |       |       |       |       |     3 |     4 |    18 |    10 |    27 ||    62
   Stab: Sleeping          |       |     4 |     3 |       |       |       |       |       |       ||     7
         Distracted        |       |     1 |       |       |       |     1 |     6 |       |     6 ||    14
         Paralysed         |       |       |       |       |       |     1 |     1 |     1 |     1 ||     4
         Confused          |       |       |       |       |       |     1 |       |       |       ||     1
         Invisible         |       |       |       |       |       |       |     2 |       |       ||     2
 Armour: Leather armour    |    29 |    67 |       |       |       |       |       |       |       ||    96
         Troll leather arm |       |    15 |   114 |   218 |   433 |   106 |   104 |    12 |       ||  1002
         Swamp dragon scal |       |       |       |       |       |   203 |       |       |       ||   203
         Skin              |       |       |       |       |       |       |    90 |       |       ||    90
         Quicksilver drago |       |       |       |       |       |       |       |   181 |   778 ||   959
  Dodge: Dodged            |    70 |    83 |   152 |   426 |   843 |   818 |   742 |   662 |  2767 ||  6563
         Repelled          |       |       |       |     4 |    26 |    53 |    10 |    30 |    50 ||   173
  Block: Other             |       |    24 |    74 |   277 |   590 |       |       |       |       ||   965
         Kite shield       |       |       |       |       |   487 |  1595 |  1522 |  1417 |  1733 ||  6754
         Tower shield      |       |       |       |       |       |       |       |       |  4261 ||  4261

Table legend: (Time is in decaauts)
 A = Elapsed time spent in this place.
 B = Non-inter-level travel time spent in this place.
 C = Inter-level travel time spent in this place.
 D = Time resting spent in this place.
 E = Time spent auto-exploring this place.
 F = Levels seen in this place.
 G = Mean time per level.
                   A        B        C        D        E       F      G
               +--------+--------+--------+--------+--------+-----+--------+
         Total |  75349 |  64964 |  10385 |  11784 |  36029 |  78 |  966.0 |
       Dungeon |  12699 |  10414 |   2285 |     10 |   7718 |  15 |  846.6 |
          Lair |   5417 |   4516 |    901 |    179 |   3309 |   5 | 1083.4 |
         Swamp |   3408 |   3242 |    166 |    484 |   1838 |   4 |  852.0 |
     Snake Pit |   4867 |   4317 |    550 |    648 |   2310 |   4 | 1216.8 |
    Slime Pits |   3315 |   2889 |    426 |    301 |   1947 |   5 |  663.0 |
  Orcish Mines |   1595 |   1213 |    382 |    183 |    732 |   2 |  797.5 |
   Elven Halls |   3802 |   3185 |    617 |     12 |   2201 |   3 | 1267.3 |
        Vaults |   8351 |   6465 |   1886 |    815 |   3751 |   5 | 1670.2 |
         Crypt |   2625 |   2288 |    337 |    647 |    962 |   2 | 1312.5 |
        Depths |   4942 |   4209 |    733 |    561 |   2415 |   4 | 1235.5 |
          Hell |   3812 |   3591 |    221 |   3072 |    235 |   1 | 3812.0 |
           Dis |   1092 |   1008 |     84 |    138 |    414 |   3 |  364.0 |
       Gehenna |   4841 |   4159 |    682 |   1144 |   2043 |   7 |  691.6 |
      Tartarus |   7443 |   6333 |   1110 |   3262 |   2088 |   7 | 1063.3 |
         Abyss |   1425 |   1425 |      0 |     61 |    197 |   5 |  285.0 |
   Pandemonium |   5707 |   5707 |      0 |    265 |   3866 |   6 |  951.2 |
               +--------+--------+--------+--------+--------+-----+--------+

Top non-repeatable levels by time:
    Hell: 3812 daAuts
   Tar:7: 3488 daAuts
   Geh:7: 2287 daAuts
Vaults:5: 2181 daAuts
Depths:1: 2018 daAuts
   Tar:3: 1975 daAuts
Vaults:4: 1858 daAuts
 Crypt:2: 1574 daAuts
 Snake:4: 1456 daAuts
Vaults:1: 1455 daAuts
Vaults:3: 1454 daAuts
     D:3: 1446 daAuts
   Elf:3: 1427 daAuts
Vaults:2: 1402 daAuts
   Orc:2: 1364 daAuts
